cohdb
Replays
Latest Replays
All Replays
Popular Replays
Top Player Replays
Match Explorer
How It Works
Community
CoH3 Stats
Reddit
Sign in to upload your games and track your stats! →
Sign in with Steam
Match 42847703
Unlisted
Match 42847703
Overview
Messages
Build Orders
End
Construct Weapon Support Center
Selects Armored Battlegroup
Engineer Squad
Bazooka Squad
M1919 Machine Gun Team
M1919 Machine Gun Team
Selects Veteran Crews
Construct Medical Station
Mechanized Support Center
jacklean
T.noob
Tok3n x Operator
Juzzle
SnowVegetable
Rabbit?
0
0
Comments
sign in to comment!
No comments posted yet!